 Dungeon Crawl Stone Soup version 0.25-a0-479-g8579842fd4 (webtiles) character file.

Game seed: 6571262733319472614, levelgen mode: deterministic

872 kae the Insei (level 7, -3/52 HPs)
             Began as a Red Draconian Transmuter on Feb 9, 2020.
             Slain by an orc priest
             ... wielding a +0 club
              (4 damage)
             ... on level 5 of the Dungeon.
             The game lasted 00:04:20 (4939 turns).

kae the Insei (Red Draconian Transmuter)            Turns: 4939, Time: 00:04:21

Health: -3/52      AC:  6    Str: 12    XL:     7   Next: 74%
Magic:  13/13      EV: 13    Int: 14    God:
Gold:   202        SH:  0    Dex: 13    Spells: 8/14 levels left

rFire    + . .     SeeInvis .   e - +1 whip (freeze)
rCold    . . .     Gourm    .   (no shield)
rNeg     . . .     Faith    .   (armour unavailable)
rPois    .         Spirit   .   (helmet restricted)
rElec    .         Reflect  .   (no cloak)
rCorr    .         Harm     .   (no gloves)
MR       .....                  (no boots)
Stlth    +.........             b - amulet of rage
HPRegen  0.17/turn              p - +1 ring of evasion
MPRegen  0.13/turn              (no ring)

@: no status effects
A: breathe fire, unfitting armour, fire resistance 1, cold-blooded, AC +6
a: Breathe Fire, Evoke Berserk Rage


You were on level 5 of the Dungeon.
You were not hungry.

You visited 1 branch of the dungeon, and saw 5 of its levels.

You collected 202 gold pieces.

Inventory:

Hand Weapons
 e - a +1 whip of freezing (weapon)
Missiles
 a - 130 arrows
Jewellery
 b - an amulet of rage (around neck)
 p - a +1 ring of evasion (left hand)
Wands
 u - a wand of scattershot (8)
Scrolls
 f - 2 scrolls of magic mapping
 o - a scroll of remove curse
 q - 2 scrolls of fear
 s - a scroll of teleportation
Potions
 d - 3 potions of brilliance
 g - a potion of curing
 h - a potion of might
 i - a potion of degeneration
 j - a potion of magic {unknown}
 k - a potion of agility {unknown}
 l - a potion of flight {unknown}
 m - a potion of lignification {unknown}
 n - a potion of haste {unknown}
 r - 2 potions of invisibility
 t - a potion of mutation {unknown}
 w - a potion of ambrosia {unknown}
Comestibles
 c - 4 rations


   Skills:
 - Level 1.1 Fighting
 - Level 1.7 Dodging
 * Level 7.1 Unarmed Combat
 - Level 4.0 Spellcasting
 + Level 4.8 Transmutations


You had 8 spell levels left.
You knew the following spells:

 Your Spells              Type           Power        Failure   Level  Hunger
a - Beastly Appendage     Tmut           ###...       2%          1    None
b - Sticks to Snakes      Tmut           ###.....     4%          2    ##.....
c - Spider Form           Tmut/Pois      #.........   22%         3    ###....

Your spell library contained the following spells:

 Spells                   Type           Power        Failure   Level  Hunger
 Ice Form                 Ice/Tmut       #.......     56%         4    ####...
 Blade Hands              Tmut           ###.......   58%         5    ######.


Dungeon Overview and Level Annotations

Branches:
Dungeon (5/15)
 Temple: D:4-7

Altars:
Qazlal

Annotations:
D:3 2 transporters


Innate Abilities, Weirdness & Mutations

You can breathe blasts of fire.
Your fiery red scales are hard. (AC +6)
You cannot fit into any form of body armour.
Your flesh is heat resistant. (rF+)
You are cold-blooded and may be slowed by cold attacks.


Message History

* * * LOW HITPOINT WARNING * * *
You closely miss the orc priest.
The orc priest is heavily wounded.
The orc priest hits you but does no damage.
You completely miss the orc priest.
The orc priest is heavily wounded.
The orc priest hits you but does no damage.
You closely miss the orc priest.
The orc priest is heavily wounded.
The orc priest barely misses you.
You barely miss the orc priest.
The orc priest is heavily wounded.
The orc priest casts a cantrip, but nothing happens.
You completely miss the orc priest.
The orc priest is heavily wounded.
The orc priest mumbles some strange prayers to Beogh against you.
Beogh smites you!
* * * LOW HITPOINT WARNING * * *
The orc priest hits you with a +0 club.
You die...

........ ..
.........
.......
%........#.#..
.....
......##.o.#..
.... #......
...# .......
###..# ...##..
#.#..##
.......###.....#
. #...(#@....#
..##...Wo.#####
...........#
..........##
...###....#####
.. ####.......##
. #......<....#
##......#..###
#.......#.##


You could see a phantom and an orc priest.

Vanquished Creatures
  Menkaure (D:4)
  An ogre (D:4)
  2 scorpions (D:4)
  A crimson imp (D:5)
  3 bullfrog zombies (D:4)
  Jessica (D:3)
  Terence (D:2)
  Natasha (thrice) (D:4)
  4 orc wizards
  A hound zombie (D:4)
  A hound skeleton (D:4)
  2 worker ant zombies
  A gnoll (D:1)
  4 adders
  2 oozes
  An adder zombie (D:4)
  An adder skeleton (D:5)
  2 dart slugs
  2 leopard geckos
  13 orcs
  6 giant cockroaches
  11 goblins
  6 hobgoblins
  4 jackals (D:4)
  8 kobolds
  3 quokkas
  A ball python (D:3)
  7 bats
  5 frilled lizards
  2 giant cockroach zombies (D:4)
  A leopard gecko zombie (D:4)
  A quokka zombie (D:4)
  9 rats
111 creatures vanquished.

Notes
Turn   | Place    | Note
-------+----------+-------------------------------------------
     0 | D:1      | kae the Draconian Transmuter began the quest for the Orb.
     0 | D:1      | Reached XP level 1. HP: 16/16 MP: 3/3
   212 | D:1      | Reached XP level 2. HP: 23/23 MP: 5/5
   328 | D:1      | Reached XP level 3. HP: 23/28 MP: 6/6
   767 | D:2      | Noticed Terence
   790 | D:2      | Killed Terence
   790 | D:2      | Reached XP level 4. HP: 4/35 MP: 8/8
  1082 | D:2      | Learned a level 2 spell: Sticks to Snakes
  1300 | D:2      | Learned a level 3 spell: Spider Form
  1643 | D:2      | Found a stormy altar of Qazlal.
  1880 | D:3      | Reached skill level 4 in Unarmed Combat
  2236 | D:3      | Noticed Jessica
  2242 | D:3      | Killed Jessica
  2254 | D:3      | Reached XP level 5. HP: 28/40 MP: 6/10
  2636 | D:3      | Found a transporter.
  2658 | D:3      | Found a transporter.
  3418 | D:4      | Reached XP level 6. HP: 47/47 MP: 7/12
  3523 | D:4      | Reached skill level 5 in Unarmed Combat
  4079 | D:4      | Reached skill level 6 in Unarmed Combat
  4079 | D:4      | Your scales start taking on a fiery red colour.
  4079 | D:4      | Reached XP level 7. HP: 52/52 MP: 8/13
  4079 | D:4      | Gained mutation: Your flesh is heat resistant. (rF+) [Red
                  | Draconian growth]
  4321 | D:4      | Noticed Natasha
  4329 | D:4      | Killed Natasha
  4390 | D:4      | Noticed Natasha
  4400 | D:4      | Killed Natasha
  4410 | D:4      | Noticed Menkaure
  4499 | D:4      | Killed Menkaure
  4531 | D:4      | Noticed Natasha
  4534 | D:5      | Entered Level 5 of the Dungeon
  4619 | D:4      | Killed Natasha
  4826 | D:5      | Reached skill level 7 in Unarmed Combat
  4939 | D:5      | HP: 1/52 [orc priest/divine providence (15)]
  4939 | D:5      | Slain by an orc priest

Levels and vault maps discovered:
D:1:      matt_arrival_spirals, layout_basic
D:2:      layout_loops_cross, nicolae_qazlal_eye_of_the_storm, uniq_terence
D:3:      gammafunk_steamed_eel, layout_basic, lightli_corner_chamber,
          uniq_jessica
D:4:      layout_basic, serial_undead, serial_undead_b, serial_undead_d,
          serial_undead_f, serial_undead_a, minmay_misc_feat_plants,
          st_stairs_11, uniq_menkaure, uniq_natasha
D:5:      layout_cave_pools, vehumet_altar_wand_db, first_ration

Skill      XL: |  1  2  3  4  5  6  7 |
---------------+----------------------+-----
Spellcasting   | 3 4 |  4.0
Unarmed Combat | 4 6 7 |  7.1
Transmutations | 3 4 |  4.8
Fighting       | |  1.1
Dodging        | |  1.7

Action                   |  1- 3 |  4- 6 |  7- 9 || total
-------------------------+-------+-------+-------++-------
Melee: Unarmed           |    15 |    55 |    27 ||    97
       Whip              |    82 |   178 |   100 ||   360
       Tailslap          |    12 |    15 |    14 ||    41
       Kick              |     6 |     8 |     5 ||    19
       Punch             |     4 |     3 |       ||     7
       Headbutt          |       |     7 |       ||     7
 Cast: Beastly Appendage |     9 |    11 |     4 ||    24
       Spider Form       |       |     8 |     4 ||    12
       Sticks to Snakes  |       |     1 |     2 ||     3
 Abil: Breathe Fire      |       |       |     1 ||     1
  Use: Scroll            |       |    12 |       ||    12
 Stab: Sleeping          |     1 |       |       ||     1
  Eat: Chunk             |       |    11 |     4 ||    15
Armor: Skin              |    28 |    65 |    23 ||   116
Dodge: Dodged            |    65 |   165 |    97 ||   327

Table legend:
 A = Non-vault XP
 B = Vault XP
 C = Vault XP percentage of total XP
 D = Non-vault monster count
 E = Vault monster count
 F = Vault count percentage of total count
                 A         B        C        D         E       F
            +---------+---------+-------+---------+---------+-------
      Total |     777 |     469 |  37.6 |      95 |      16 |  14.4
            +---------+---------+-------+---------+---------+-------
        D:1 |      60 |       0 |   0.0 |      25 |       0 |   0.0
        D:2 |      27 |      36 |  57.1 |      11 |       1 |   8.3
        D:3 |     131 |      37 |  22.0 |      34 |       1 |   2.9
        D:4 |     443 |     396 |  47.2 |      18 |      14 |  43.8
        D:5 |     116 |       0 |   0.0 |       7 |       0 |   0.0
            +---------+---------+-------+---------+---------+-------
